 Dungeon Crawl Stone Soup version 0.28-a0-529-g3bad584f25 (webtiles) character file.

Game seed: 6043799950748699015

247 Zdeegee the Stinger (level 5, 0/37 HPs)
             Began as a Demonspawn Venom Mage on Sept 22, 2021.
             Slain by a bullfrog (1 damage)
             ... on level 4 of the Dungeon on Sept 25, 2021.
             The game lasted 00:20:06 (6251 turns).

Zdeegee the Stinger (Demonspawn Venom Mage)         Turns: 6251, Time: 00:20:06

Health: 0/37       AC:  4    Str:  8    XL:     5   Next: 85%
Magic:  0/9        EV: 12    Int: 24    God:
Gold:   117        SH:  0    Dex: 13    Spells: 4/10 levels left

rFire   . . .      SeeInvis .   d - +0 dagger
rCold   . . .      Faith    .   (no shield)
rNeg    . . .      Spirit   +   a - +0 robe
rPois   .          Reflect  .   (helmet restricted)
rElec   .          Harm     .   c - +0 cloak
rCorr   .          Rampage  .   (no gloves)
Will    .....                   i - +0 pair of boots
Stlth   ++........              j - amulet of guardian spirit
HPRegen 0.12/turn               o - +6 ring of intelligence
MPRegen 0.11/turn               (no ring)

@: very slightly contaminated, invisible
A: antennae 2, sturdy frame 1
a: no special abilities


You were on level 4 of the Dungeon.
You visited 1 branch of the dungeon, and saw 4 of its levels.

You collected 117 gold pieces.

Inventory:

Hand Weapons
 d - a +0 dagger (weapon)
Armour
 a - a +0 robe (worn)
 c - a +0 cloak (worn)
 i - a +0 pair of boots (worn)
Jewellery
 j - an amulet of guardian spirit (around neck)
 o - a +6 ring of intelligence (left hand)
Scrolls
 b - a scroll of identify
 f - 2 scrolls of vulnerability {unknown}
 g - a scroll of enchant armour {unknown}
 h - a scroll of blinking {unknown}
 l - a scroll of enchant weapon {unknown}
Potions
 e - a potion of haste
 k - a potion of flight
 m - a potion of might {unknown}


   Skills:
 * Level 1.6 Fighting
 + Level 0.4 Short Blades
 * Level 1.0 Armour
 * Level 2.3 Dodging
 + Level 2.0 Stealth
 * Level 3.2 Spellcasting
 + Level 1.1 Transmutations
 * Level 2.0 Ice Magic
 + Level 0.4 Air Magic
 * Level 3.9 Poison Magic


You had 4 spell levels left.
You knew the following spells:

 Your Spells              Type           Power      Damage    Failure   Level
a - Sting                 Tmut/Pois      64%        1d6       3%          1
b - Poisonous Vapours     Pois/Air       28%        N/A       6%          2
c - Mephitic Cloud        Conj/Pois/Air  10%        N/A       17%         3

Your spell library contained the following spells:

 Spells                   Type           Power      Damage    Failure   Level
 Apportation              Tloc           6%         N/A       11%         1
 Olgreb's Toxic Radiance  Pois           22%        N/A       22%         4
 Inner Flame              Hex/Fire       3%         N/A       32%         3
 Cause Fear               Hex            1%         N/A       71%         4
 Alistair's Intoxication  Tmut/Pois      10%        N/A       71%         5
 Invisibility             Hex            1%         N/A       100%        6
 Discord                  Hex            1%         N/A       100%        8


Dungeon Overview and Level Annotations

Branches:
Dungeon (4/15)
 Temple: D:4-7

Altars:
Qazlal
Xom


Innate Abilities, Weirdness & Mutations

You have a pair of antennae on your head.
Your movements are slightly less encumbered by armour. (ER -2)


Message History

Aiming: Poisonous Vapours (safe; 6% risk of failure)
Press: ? - help, Dir - move target, f - bullfrog
Aim: a bullfrog (wandering, hasn't noticed you)
You miscast Poisonous Vapours.
You are very lightly contaminated with residual magic.
Nothing appears to happen.
The bullfrog gives a loud, deep croak!
You hear an angry hiss.
The bullfrog barely misses you.
An iguana comes into view.
The bullfrog hits you.
You closely miss the bullfrog. The bullfrog barely misses you.
You hit the bullfrog.
The bullfrog is lightly wounded.
The bullfrog hits you! x2
You barely miss the bullfrog.
The bullfrog is lightly wounded.
The bullfrog misses you. The bullfrog hits you.
Casting: Poisonous Vapours (safe; 6% risk of failure)
Confirm with . or Enter, or press ? or * to list all spells.
Aiming: Poisonous Vapours (safe; 6% risk of failure)
Press: ? - help, Dir - move target, f/p - bullfrog
Aim: a bullfrog (lightly wounded) Poisonous vapours surround the bullfrog!
The bullfrog is poisoned.
The bullfrog hits you. The bullfrog hits you!
* * * LOW HITPOINT WARNING * * *
Your magical contamination has completely faded away.
The bullfrog barely misses you. The bullfrog closely misses you.
The bullfrog hits you.
* * * LOW HITPOINT WARNING * * *
The bullfrog hits you.
* * * LOW HITPOINT WARNING * * *
You fade into invisibility!
The bullfrog looks more healthy.
The bullfrog closely misses you. The bullfrog hits you.
* * * LOW HITPOINT WARNING * * *
You are very lightly contaminated with residual magic.
The bullfrog hits you.
You die...

#########
#####.......#
#.l.....###.#
#F#####.# #.# #@#
#.# #.# #.#
#.###.# #.#
#...........
#.#####.....###..#
#)......##### .
####.#### #.#
##+## #.# ##...#
##.## ##.....


You could see a bullfrog and an iguana.

Vanquished Creatures
  An ogre (D:4)
  2 jellies (D:2)
  Robin (D:2)
  2 adders
  12 endoplasms
  3 giant cockroaches
  16 goblins
  2 hobgoblins (D:2)
  6 jackals
  10 kobolds
  A quokka (D:4)
  6 ball pythons
  A bat (D:2)
  5 frilled lizards
  4 rats
72 creatures vanquished.

Vanquished Creatures (others)
  3 fungi (D:2)
  8 toadstools (D:2)
11 creatures vanquished.

Grand Total: 83 creatures vanquished

Notes
Turn   | Place    | Note
-------+----------+-------------------------------------------
     0 | D:1      | Zdeegee the Demonspawn Venom Mage began the quest for the
                  | Orb.
     0 | D:1      | Reached XP level 1. HP: 13/13 MP: 3/3
   859 | D:1      | Gained mutation: You have a pair of small antennae on your
                  | head. [demonic ancestry]
   859 | D:1      | Reached XP level 2. HP: 19/19 MP: 1/5
  1294 | D:2      | Noticed a phantom
  1366 | D:2      | Learned a level 2 spell: Poisonous Vapours
  1677 | D:2      | Upgraded the game from 0.28-a0-514-g0d7ab7f379 to
                  | 0.28-a0-529-g3bad584f25
  1849 | D:2      | Found a stormy altar of Qazlal.
  1941 | D:2      | Noticed Robin
  2079 | D:2      | Gained mutation: Your movements are slightly less
                  | encumbered by armour. (ER -2) [demonic ancestry]
  2079 | D:2      | Reached XP level 3. HP: 13/25 MP: 0/6
  2390 | D:2      | Found a faded altar of an unknown god.
  2726 | D:2      | Killed Robin
  2883 | D:3      | Learned a level 3 spell: Mephitic Cloud
  2921 | D:3      | Reached skill level 1 in Ice Magic
  3131 | D:3      | Found a shimmering altar of Xom.
  3260 | D:3      | Reached skill level 1 in Transmutations
  3472 | D:3      | Reached XP level 4. HP: 23/31 MP: 1/7
  4658 | D:2      | Reached skill level 1 in Fighting
  5690 | D:2      | Gained mutation: You have a pair of antennae on your head.
                  | [demonic ancestry]
  5690 | D:2      | Reached XP level 5. HP: 34/37 MP: 4/9
  6014 | D:4      | Noticed an ogre
  6046 | D:4      | Killed an ogre
  6047 | D:4      | Reached skill level 1 in Armour
  6247 | D:4      | HP: 1/37 [bullfrog (5)]
  6251 | D:4      | Slain by a bullfrog

Illustrated notes

Levels and vault maps discovered:
D:1:      dpeg_arrival_solitude, layout_basic,
          hangedman_abyss_or_decor_lesser_grid, patterned_corridor
D:2:      cheibrodos_fertilizer, layout_basic, basic_altar,
          shapermc_ecumenical_altar_mp_vishouse, dk_noncrumbling_2, uniq_robin
D:3:      layout_loops_corners, xom_teletrap_fun
D:4:      layout_loops_corners, grunt_dithmenos_smoke_and_mirrors,
          minmay_misc_feat_doors

Skill      XL: |  1  2  3  4  5 |
---------------+----------------+-----
Dodging        | 2 |  2.3
Ice Magic      | 1 2 |  2.0
Transmutations | 1 |  1.1
Fighting       | 1 |  1.6
Spellcasting   | 3 |  3.2
Armour         | 1 |  1.0
Stealth        | 2 |  2.0
Short Blades   | |  0.4
Air Magic      | |  0.4
Poison Magic   | |  3.9

Action                   |  1- 3 |  4- 6 || total
-------------------------+-------+-------++-------
Melee: Dagger            |   109 |   106 ||   215
       Unarmed           |     3 |       ||     3
 Cast: Sting             |    25 |    31 ||    56
       Poisonous Vapours |    20 |    17 ||    37
  Use: Scroll            |     1 |     2 ||     3
       Potion            |       |     2 ||     2
 Stab: Sleeping          |     3 |       ||     3
Armor: Robe              |    37 |    32 ||    69
Dodge: Dodged            |    87 |    71 ||   158

Table legend: (Time is in decaauts)
 A = Elapsed time spent in this place.
 B = Non-inter-level travel time spent in this place.
 C = Inter-level travel time spent in this place.
 D = Time resting spent in this place.
 E = Time spent auto-exploring this place.
 F = Levels seen in this place.
 G = Mean time per level.
                   A        B        C        D        E       F      G
               +--------+--------+--------+--------+--------+-----+--------+
         Total |   6235 |   6098 |    137 |   1314 |   3372 |   4 | 1558.8 |
       Dungeon |   6235 |   6098 |    137 |   1314 |   3372 |   4 | 1558.8 |
               +--------+--------+--------+--------+--------+-----+--------+

Top non-repeatable levels by time:
     D:2: 2434 daAuts
     D:1: 2312 daAuts
     D:3: 1139 daAuts
     D:4: 349 daAuts
